 Dungeon Crawl Stone Soup version 0.30-a0-639-g3916f1956a (webtiles) character file.

Game seed: 17155316338462275529

33 demibob the Chopper (level 3, 28/29 HPs)
             Began as a Demonspawn Berserker on Jan 16, 2023.
             Was a Believer of Trog.
             Quit the game on level 2 of the Dungeon.
             The game lasted 00:01:02 (1037 turns).

demibob the Chopper (Demonspawn Berserker)          Turns: 1037, Time: 00:01:03

Health: 28/29      AC:  2    Str: 19    XL:     3   Next: 12%
Magic:  3/3        EV: 14    Int:  8    God:    Trog [**....]
Gold:   68         SH:  0    Dex: 18    Spells: 2/2 levels left

rFire   . . .      SeeInvis .    a - +0 hand axe
rCold   . . .      Faith    .    (no shield)
rNeg    . . .      Spirit   .    b - +0 animal skin
rPois   .          Reflect  .    (no helmet)
rElec   .          Harm     .    (no cloak)
rCorr   .          Rampage  .    (no gloves)
Will    .....                    (no boots)
Stlth   ++                       (no amulet)
HPRegen 0.24/turn                D - +6 ring of dexterity
MPRegen 0.08/turn                (no ring)

@: no status effects
A: repulsion field 1, demonic magic 1
a: Renounce Religion, Berserk, Trog's Hand


You were on level 2 of the Dungeon.
You worshipped Trog.
Trog was pleased with you.
You visited 1 branch of the dungeon, and saw 2 of its levels.

You collected 68 gold pieces.


Innate Abilities, Weirdness & Mutations

You are surrounded by a mild repulsion field. (EV +2)
Spells you cast may paralyse adjacent enemies.


   Skills:
 - Level 3.0 Fighting
 + Level 3.9 Axes
 - Level 1.7 Armour
 - Level 1.7 Dodging


You had 2 spell levels left.
You didn't know any spells.
Your spell library was empty.

Inventory:

Hand Weapons
 a - a +0 hand axe (weapon)
Armour
 b - a +0 animal skin (worn)
Jewellery
 C - a ring of ice
 D - a +6 ring of dexterity (left hand)
 F - a ring of fire
Scrolls
 g - 2 scrolls of teleportation {@r2}
Potions
 c - 3 potions of heal wounds {@q2}
 d - a potion of might {unknown}
 e - a potion of curing {unknown}
 f - a potion of ambrosia {unknown}
 h - a potion of magic {unknown}
 i - a potion of haste {unknown}

Dungeon Overview and Level Annotations

Branches:
Dungeon (2/15)

Altars:

#####.#.#....# ######
#...>.†......# #...##
#.##..#.#....# #...##
##.##..#.####.# #...##
#........####.############.(.##
#..............†...............
#.....##.#####.###########...#.
#.....##.......# #...#.
#.....########@# #####. #######
#†# ...... #.. ###### #.#. ...
[.#.. ### ... .. ... ... #...
#..


There were no monsters in sight!


Message History

You have reached level 3!
Your experience leads to an increase in your attributes!
Your base attributes are Str 17, Int 8, Dex 12.
Increase (S)trength, (I)ntelligence, or (D)exterity?
You feel stronger. x2; Your demonic ancestry asserts itself...
A menacing aura infuses your magic.
You completely miss the jackal. The jackal closely misses you.
You hit the jackal.
The jackal is heavily wounded.
The jackal misses you. The jackal barely misses you.
You slash the jackal!
You kill the jackal!
Trog accepts your kill.
You hit the dart slug.
The dart slug is heavily wounded.
The dart slug barely misses you.
You slash the dart slug!
You kill the dart slug!
Trog accepts your kill.
You can now call upon Trog for regeneration and willpower.
No target in view!
No target in view!
No target in view!
No target in view!
No target in view!
No target in view!
No target in view!
No target in view!
No target in view!
Are you sure you want to abandon this character and quit the game? (Confirm with "yes".)

Skill      XL: |  1 |
---------------+----+-----
Axes           | 3 |  3.9
Fighting       | |  3.0
Armour         | |  1.7
Dodging        | |  1.7

Action                   || total
-------------------------++-------
Melee: Hand axe          ||    84
  Use: Scroll            ||     3
 Stab: Sleeping          ||     2
Armor: Animal skin       ||    13
Dodge: Dodged            ||    62

Levels and vault maps discovered:
D:1:      dpeg_arrival_another_circle, layout_loops_ring,
          chequers_ecumenical_altar_simple_redux
D:2:      cheibrodos_old_hovel, layout_basic, uniq_jessica

Notes
Turn   | Place    | Note
-------+----------+-------------------------------------------
     0 | D:1      | demibob the Demonspawn Berserker began the quest for the
                  | Orb.
     0 | D:1      | Reached XP level 1. HP: 18/18 MP: 1/1
   131 | D:1      | Reached skill level 3 in Axes
   358 | D:1      | Found a faded altar of an unknown god.
   378 | D:1      | Gained mutation: You are surrounded by a mild repulsion
                  | field. (EV +2) [demonic ancestry]
   378 | D:1      | Reached XP level 2. HP: 22/24 MP: 2/2
  1032 | D:2      | Gained mutation: Spells you cast may paralyse adjacent
                  | enemies. [demonic ancestry]
  1032 | D:2      | Reached XP level 3. HP: 27/29 MP: 3/3
  1036 | D:2      | Reached ** piety under Trog
  1037 | D:2      | Quit the game

Vanquished Creatures
  A worm (D:2)
  2 dart slugs
  2 bats
  2 endoplasms (D:1)
  3 giant cockroaches
  A goblin (D:1)
  A hobgoblin (D:1)
  3 jackals (D:2)
  2 ball pythons
  2 frilled lizards (D:1)
  3 kobolds (D:1)
  2 rats (D:1)
24 creatures vanquished.

Table legend: (Time is in decaauts)
 A = Elapsed time spent in this place.
 B = Non-inter-level travel time spent in this place.
 C = Inter-level travel time spent in this place.
 D = Time resting spent in this place.
 E = Time spent auto-exploring this place.
 F = Levels seen in this place.
 G = Mean time per level.
                   A        B        C        D        E       F      G
               +--------+--------+--------+--------+--------+-----+--------+
         Total |   1047 |   1034 |     13 |      0 |    821 |   2 |  523.5 |
       Dungeon |   1047 |   1034 |     13 |      0 |    821 |   2 |  523.5 |
               +--------+--------+--------+--------+--------+-----+--------+

Top non-repeatable levels by time:
     D:1: 848 daAuts
     D:2: 198 daAuts

Table legend:
 A = Non-vault XP
 B = Vault XP
 C = Vault XP percentage of total XP
 D = Non-vault monster count
 E = Vault monster count
 F = Vault count percentage of total count
                 A         B        C        D         E       F
            +---------+---------+-------+---------+---------+-------
      Total |      48 |       0 |   0.0 |      24 |       0 |   0.0
            +---------+---------+-------+---------+---------+-------
        D:1 |      27 |       0 |   0.0 |      16 |       0 |   0.0
        D:2 |      21 |       0 |   0.0 |       8 |       0 |   0.0
            +---------+---------+-------+---------+---------+-------
